 Dungeon Crawl Stone Soup version 0.29.0-4-gdea44cf6ec (webtiles) character file.

Game seed: 14381833767076208756

56 qw the Chopper (level 3, -2/26 HPs)
             Began as a Barachi Chaos Knight on Sept 6, 2022.
             Slain by a gnoll
             ... wielding a +0 halberd
              (7 damage)
             ... on level 3 of the Dungeon.
             The game lasted 00:00:46 (1624 turns).

qw the Chopper (Barachi Chaos Knight)               Turns: 1624, Time: 00:00:46

Health: -2/26      AC:  8    Str: 13    XL:     3   Next: 97%
Magic:  3/3        EV: 10    Int: 12    God:
Gold:   16         SH:  0    Dex: 11    Spells: 2/2 levels left

rFire   . . .      SeeInvis .   Y - +0 hand axe (chaos)
rCold   . . .      Faith    .   (no shield)
rNeg    . . .      Spirit   .   l - +0 chain mail
rPois   .          Reflect  .   (no helmet)
rElec   .          Harm     .   (no cloak)
rCorr   .          Rampage  .   (no gloves)
Will    .....                   (no boots)
Stlth   ..........              (no amulet)
HPRegen 0.08/turn               i - +4 ring of evasion
MPRegen 0.08/turn               (no ring)

@: slow
A: amphibious, slowness 1, strong legs 1, +LOS, frail 1, screaming 1, weak 1
a: Hop


You were on level 3 of the Dungeon.
You visited 1 branch of the dungeon, and saw 3 of its levels.

You collected 74 gold pieces.
You spent 58 gold pieces at shops.


Innate Abilities, Weirdness & Mutations

You are amphibious.
You cover ground slowly.
You can hop short distances.
You have an extended range of vision and can be seen from far away.
You are frail. (-10% HP)
You occasionally shout uncontrollably at your foes.
You are weak. (Str -2)


   Skills:
 - Level 3.6 Fighting
 + Level 5.2 Axes
 - Level 2.4 Armour
 - Level 1.1 Dodging


You had 2 spell levels left.
You didn't know any spells.
Your spell library was empty.

Inventory:

Hand Weapons
 k - a +3 flail
 Y - a +0 hand axe of chaos (weapon)
Armour
 l - a +0 chain mail (worn)
Jewellery
 i - a +4 ring of evasion (left hand)
Scrolls
 j - a scroll of identify
Potions
 a - a potion of cancellation {unknown}
 g - a potion of heal wounds {unknown}
 h - a potion of curing
Miscellaneous
 c - a piece from Xom's chessboard (15/15)

Dungeon Overview and Level Annotations

Branches:
Dungeon (3/15)

Altars:

Shops:
D:2 *


Message History

You kill the goblin!
A gnoll comes into view. It is wielding a +0 whip.
The gnoll shouts!
You hear a shout! x2
A gnoll comes into view. It is wielding a +0 club.
A gnoll comes into view. It is wielding a +0 halberd.
1614 ||| Stepping ~*~*~tactically~*~*~ (hiding).
You closely miss the gnoll. The gnoll closely misses you.
You slash the gnoll!
The gnoll suddenly stops moving!
The gnoll is heavily wounded.
The gnoll closely misses you.
The helpless gnoll fails to defend itself.
You hit the gnoll but do no damage.
The gnoll is heavily wounded.
The gnoll hits you from afar with a +0 halberd.
The helpless gnoll fails to defend itself.
You hit the gnoll but do no damage.
The gnoll is poisoned.
The gnoll is heavily wounded.
The gnoll misses you.
The helpless gnoll fails to defend itself.
You hit the gnoll but do no damage.
The gnoll is heavily wounded.
The gnoll hits you from afar with a +0 halberd.
The helpless gnoll fails to defend itself.
You hit the gnoll. You burn the gnoll.
You kill the gnoll!
The gnoll hits you from afar with a +0 halberd!
A gnoll comes into view. It is wielding a +0 flail.
Things that are here:
a +0 whip; a gnoll corpse You closely miss the gnoll. x2
The gnoll shouts!
You hear a shout!
The gnoll hits you with a +0 halberd!
A goblin comes into view. It is wielding a +0 dagger.
The gnoll hits you but does no damage.
You hit the gnoll. You burn the gnoll.
The gnoll is heavily wounded.
You closely miss the gnoll. The gnoll hits you with a +0 halberd!
You die...

... ... ... .g #.#
######### ..
#......<# .# .#
#.......#####g#..#
#...........@gg.#
#........)...........
#....................
#...............###..
#.................
######...........##
#.............
#...........#..
#..............


You could see 3 gnolls and a goblin.

Vanquished Creatures
  A gnoll (D:3)
  An adder (D:1)
  A worm (D:3)
  2 ball pythons (D:1)
  4 endoplasms
  3 giant cockroaches
  5 goblins
  2 hobgoblins (D:2)
  A kobold (D:1)
  3 quokkas (D:1)
  4 bats
  3 frilled lizards
  2 rats
32 creatures vanquished.

Notes
Turn   | Place    | Note
-------+----------+-------------------------------------------
     0 | D:1      | qw the Barachi Chaos Knight began the quest for the Orb.
     0 | D:1      | Reached XP level 1. HP: 18/18 MP: 1/1
     0 | D:1      | 0 ||| qw: Version: 0.1-a-108-g9e35731
     0 | D:1      | 0 ||| qw: Game counter: 6368
     0 | D:1      | 0 ||| qw: Always use a shield: true
     0 | D:1      | 0 ||| qw: God list: Okawaru
     0 | D:1      | 0 ||| qw: Allow faded altars: false
     0 | D:1      | 0 ||| qw: Do Orc after D:15 true
     0 | D:1      | 0 ||| qw: Do second Lair branch before Depths: true
     0 | D:1      | 0 ||| qw: Lair rune preference: random
     0 | D:1      | 0 ||| qw: Plans: Normal
     0 | D:1      | 0 ||| PLANNING D:1-11
     0 | D:1      | Fell from the grace of Xom
    96 | D:1      | Reached XP level 2. HP: 24/24 MP: 2/2
   121 | D:1      | Reached skill level 4 in Axes
   359 | D:1      | XOM: polymorph ball python -> adder
   448 | D:1      | Reached XP level 3. HP: 27/29 MP: 3/3
   933 | D:1      | 933 ||| UPGRADING to +0 ring mail.
   943 | D:1      | 943 ||| DROPPING +2 leather armour.
   944 | D:1      | 944 ||| UPGRADING to +4 ring of evasion.
   945 | D:1      | 945 ||| READING scroll labelled SOKOSYUDOSI.
  1056 | D:2      | 1056 ||| Stepping ~*~*~tactically~*~*~ (stealth).
  1060 | D:2      | 1060 ||| Stepping ~*~*~tactically~*~*~ (stealth).
  1061 | D:2      | 1061 ||| Stepping ~*~*~tactically~*~*~ (stealth).
  1097 | D:2      | Found Ceres's Assorted Antiques.
  1111 | D:2      | 1111 ||| BUYING 2 sedimented inky potions (39 gold).
  1111 | D:2      | Bought 2 sedimented inky potions for 39 gold pieces
  1111 | D:2      | 1111 ||| SHOPLISTING 3 scrolls labelled GISISK GOING (66
                  | gold, have 35).
  1111 | D:2      | 1111 ||| BUYING bubbling dark potion (19 gold).
  1111 | D:2      | Bought a bubbling dark potion for 19 gold pieces
  1111 | D:2      | 1111 ||| SHOPLISTING glowing chain mail (165 gold, have
                  | 16).
  1111 | D:2      | 1111 ||| SHOPLISTING scroll of identify (44 gold, have 16).
  1111 | D:2      | 1111 ||| SHOPLISTING viscous inky potion (19 gold, have
                  | 16).
  1129 | D:2      | XOM: give mutations
  1129 | D:2      | Gained mutation: You are weak. (Str -2) [Xom's mischief]
  1129 | D:2      | Gained mutation: You occasionally shout uncontrollably at
                  | your foes. [Xom's mischief]
  1129 | D:2      | Gained mutation: You are frail. (-10% HP) [Xom's mischief]
  1146 | D:2      | 1146 ||| DROPPING +0 club.
  1164 | D:2      | 1164 ||| Stepping ~*~*~tactically~*~*~ (stealth).
  1176 | D:2      | Found a faded altar of an unknown god.
  1404 | D:2      | 1404 ||| UPGRADING to +0 chain mail.
  1414 | D:2      | 1414 ||| DROPPING +0 ring mail.
  1415 | D:2      | 1415 ||| READING scroll labelled SOKEDD DONEKK.
  1416 | D:2      | 1416 ||| DRINKING 2 bubbling dark potions.
  1417 | D:2      | 1417 ||| DRINKING 2 smoky brown potions.
  1518 | D:2      | 1518 ||| DRINKING 2 sedimented inky potions.
  1519 | D:2      | 1519 ||| DROPPING potion of flight.
  1520 | D:2      | 1520 ||| DROPPING potion of ambrosia.
  1551 | D:3      | Reached skill level 5 in Axes
  1614 | D:3      | 1614 ||| Stepping ~*~*~tactically~*~*~ (hiding).
  1623 | D:3      | HP: 5/26 [gnoll/+0 halberd (7)]
  1624 | D:3      | Slain by a gnoll

Levels and vault maps discovered:
D:1:      sevenhm_arrival_forest_fort_small_4, layout_basic
D:2:      layout_basic, ebering_ecumenical_altar_box, serial_shops,
          nicolae_shop_hallway_plus
D:3:      layout_rooms, grunt_temple_overflow_opulence, tso_metal_star,
          tgw_kikubaaqudgha, uniq_terence

Skill      XL: |  1  2  3 |
---------------+----------+-----
Axes           | 4 5 |  5.2
Fighting       | |  3.6
Armour         | |  2.4
Dodging        | |  1.1

Action                   || total
-------------------------++-------
Melee: Hand axe          ||   105
Invok: Renounce Religion ||     1
  Use: Potion            ||     3
       Scroll            ||     2
 Stab: Paralysed         ||     4
Armor: Leather armour    ||    25
       Ring mail         ||     6
       Chain mail        ||     2
Dodge: Dodged            ||    60

Table legend:
 A = Non-vault XP
 B = Vault XP
 C = Vault XP percentage of total XP
 D = Non-vault monster count
 E = Vault monster count
 F = Vault count percentage of total count
                 A         B        C        D         E       F
            +---------+---------+-------+---------+---------+-------
      Total |      81 |       0 |   0.0 |      32 |       0 |   0.0
            +---------+---------+-------+---------+---------+-------
        D:1 |      45 |       0 |   0.0 |      20 |       0 |   0.0
        D:2 |      15 |       0 |   0.0 |       9 |       0 |   0.0
        D:3 |      21 |       0 |   0.0 |       3 |       0 |   0.0
            +---------+---------+-------+---------+---------+-------
